 Dungeon Crawl Stone Soup version 0.21-a0-229-g3587535 (webtiles) character file.

330209 Leszczynek the Brawler (level 20, -11/195 HPs)
             Began as a Troll Skald on Sept 1, 2017.
             Was a High Priest of the Shining One.
             Killed from afar by a lich (43 damage)
             ... with an iron shot
             ... summoned by a shadow demon
             ... summoned by a lich
             ... on level 3 of the Crypt.
             The game lasted 02:44:33 (26664 turns).

Leszczynek the Brawler (Troll Skald)               Turns: 26664, Time: 02:44:33

Health: -11/195    AC: 20    Str: 24    XL:     20   Next: 84%
Magic:  12/25      EV: 14    Int: 16    God:    the Shining One [*****.]
Gold:   1106       SH: 21    Dex:  8    Spells: 7/30 levels left

rFire    . . .     SeeInvis .     - Unarmed
rCold    + . .     Gourm    +   D - +1 large shield {rC+}
rNeg     + + .     Faith    .   y - +1 storm dragon scales
rPois    +         Spirit   .   (helmet restricted)
rElec    +         Reflect  .   K - +2 cloak {rPois}
rCorr    .         Harm     .   (gloves unavailable)
MR       ++...                  (boots unavailable)
Stlth    ..........             a - amulet of regeneration
HPRegen  1.22/turn              A - +6 ring of evasion
MPRegen  0.19/turn              z - ring of Xeunebru {MR+ Int+2}

@: glowing
A: unfitting armour, claws 3, clumsy 1, fast metabolism 3, gourmand, low mp 1,
mutation resistance 1, regeneration 1, shaggy fur 1, tough skin 2
}: 2/15 runes: serpentine, barnacled
a: Divine Shield, Cleansing Flame, Summon Divine Warrior, Renounce Religion


You were on level 3 of the Crypt.
You worshipped the Shining One.
The Shining One was extremely pleased with you.
You were not hungry.

You visited 8 branches of the dungeon, and saw 41 of its levels.
You also visited: Labyrinth, Sewer, Ice Cave and Volcano.

You collected 3167 gold pieces.
You spent 2061 gold pieces at shops.

Inventory:

Hand Weapons
 b - a +3 blowgun
Missiles
 l - 6 throwing nets
 B - 90 large rocks (quivered)
 L - 6 curare-tipped needles
Armour
 y - +1 storm dragon scales (worn)
 D - a +1 large shield of cold resistance (worn)
 K - a +2 cloak of poison resistance (worn)
 X - a +0 troll leather armour
Magical Staves
 x - an uncursed staff of wizardry
Jewellery
 a - an amulet of regeneration (around neck)
 e - an uncursed ring of protection from cold
 w - an uncursed ring of fire
 z - the ring of Xeunebru (right claw) {MR+ Int+2}
   (You found it in a labyrinth)

   [ring of protection from magic]

   It affects your intelligence (+2).
   It affects your resistance to hostile enchantments.
 A - a +6 ring of evasion (left claw)
Wands
 c - a wand of digging (17/24)
 m - a wand of paralysis (23/24)
 n - a wand of acid (8/15)
 o - a wand of iceblast (8/15)
 G - a wand of confusion (22/48)
Scrolls
 f - 4 scrolls of fear
 g - 16 scrolls of remove curse {@r2}
 h - 3 scrolls of vulnerability {!r}
 i - 7 scrolls of blinking
 q - 4 scrolls of amnesia
 r - 6 scrolls of teleportation
 t - 4 scrolls of identify {@r1}
 C - 4 scrolls of recharging
 S - 3 scrolls of enchant weapon
 U - 3 scrolls of fog
 V - 2 scrolls of magic mapping
Potions
 j - 5 potions of haste
 p - 5 potions of flight
 u - 5 potions of mutation {!q}
 v - 4 potions of brilliance
 E - 2 potions of magic
 H - 3 potions of cancellation
 M - 6 potions of curing {@q1}
 N - 3 potions of might
 Q - 3 potions of ambrosia
 R - 3 potions of heal wounds {@q2}
 W - 3 potions of agility
 Y - 2 potions of berserk rage {!q}
Books
 O - a book of Alchemy

   Spells                             Type                      Level
   a - Sublimation of Blood           Necromancy                   2
   b - Ignite Poison                  Fire/Transmutation/Poison    3
   c - Petrify                        Transmutation/Earth          4
   d - Alistair's Intoxication        Transmutation/Poison         5
   e - Irradiate                      Conjuration/Transmutation    5
Miscellaneous
 k - 3 phantom mirrors
 s - a lightning rod (4/4)
 F - a fan of gales
 I - 3 boxes of beasts
 T - a lamp of fire
Comestibles
 d - 18 bread rations
 J - 13 meat rations
 P - 2 fruits
 Z - 7 royal jellies


   Skills:
 - Level 11.0 Fighting
 - Level 6.2 Armour
 - Level 7.3 Dodging
 - Level 15.1 Shields
 - Level 16.0 Unarmed Combat
 + Level 5.5 Spellcasting
 - Level 2.0 Charms
 - Level 10.0 Transmutations
 - Level 13.0 Earth Magic
 * Level 12.6 Invocations
 - Level 5.0 Evocations


You had 7 spell levels left.
You knew the following spells:

 Your Spells              Type           Power        Failure   Level  Hunger
a - Petrify               Tmut/Erth      #####...     8%          4    ####...
b - Shroud of Golubria    Chrm/Tloc      #.........   67%         2    #......
c - Song of Slaying       Chrm           ##......     52%         2    #......
d - Aura of Abjuration    Summ           #.........   100%        5    ######.
e - Passage of Golubria   Tloc           N/A          100%        4    ####...
f - Lee's Rapid Deconstr  Erth           #####.....   12%         5    ######.
g - Summon Butterflies    Summ           #.......     67%         1    None


Dungeon Overview and Level Annotations

Branches:
Dungeon (15/15)              Lair (6/6) D:10         Shoals (4/4) Lair:3
  Snake (4/4) Lair:4          Orc (2/2) D:9             Elf (3/3) Orc:2
 Vaults (4/5) D:13          Crypt (3/3) Vaults:2
 Temple: D:4-7        Slime: Lair:5-6      Tomb: Crypt:3     Depths: D:15

Altars:
Dithmenos
Gozag
Kikubaaqudgha
Makhleb
Yredelemnul
The Shining One
Beogh

Shops:
D:14 *(   Orc:2 !%=(   Elf:2 ?   Snake:4 =}=   Vaults:1 }}=*

Portals:
Trove: D:13 (give +5 demon trident)

Annotations:
D:6 3 pots, 2 scrolls, staff, wand (digging req), Sigmund
D:13 vaults (somewhere here)
Lair:5 Rupert
Elf:1 disto battleaxe
Vaults:2 Sojobo


Innate Abilities, Weirdness & Mutations

You are too large for most types of armour.
You have claws for hands.
Your metabolism is lightning-fast.
You like to eat raw meat.
Your natural rate of healing is unusually fast.
You are covered in fur. (AC +1)
You have very tough skin. (AC +2)
You are clumsy. (Dex -2)
Your magical capacity is low. (-10% MP)
You are somewhat resistant to further mutation.


Message History

The lich is moderately damaged.
The golden flame engulfs the jiangshi.
The jiangshi writhes in agony!
You destroy the jiangshi!
The Shining One accepts your kill.
You feel better.
You feel your power returning.
The golden flame engulfs the ice devil.
The ice devil writhes in agony!
You kill the ice devil!
The golden flame engulfs the shadow demon.
The shadow demon writhes in agony!
The shadow demon is heavily wounded.
The golden flame engulfs the lich.
The lich writhes in agony!
The lich is almost destroyed.
You feel somewhat more hungry. The lich casts a spell at you.
The bolt of cold hits the lich.
The lich resists.
The bolt of cold hits you! You resist.
* * * LOW HITPOINT WARNING * * *
The lich gestures at you while chanting.
The iron shot hits you!
You die...

........)..............
..#######...<......#
######....).....#
#...##!)8#).#8..#
#.⌠.##..##')##..#
#...##).#....#..#
#...#####4...#####...
#.......2W...'.L.....
#....[@LL11n.'Z2.4...
#....####Z...####....
#..... ##⌠⌠## ...
#...... #### . #.......
#........ #.......##
#.....###


You could see a ghoul, a Tzitzimitl, an Ice Fiend, 2 liches, an eidolon, a
shadow demon, a chaos spawn and a dire elephant zombie.

Vanquished Creatures
  Nikola (Vaults:1)
  2 liches
  Jorgrun (Elf:2)
  2 deep elf master archers (Elf:3)
  2 deep elf blademasters (Elf:3)
  8 ancient champions
  2 tengu reavers (Vaults:2)
  A storm dragon (Vaults:4)
  Donald (Vaults:3)
  10 nagarajas
  A frost giant (Shoals:4)
  A fire giant (Vaults:4)
  A vault warden (Vaults:2)
  3 deep elf sorcerers
  Louise (Shoals:2)
  3 deep elf elementalists (Elf:3)
  A curse skull (Crypt:2)
  5 stone giants
  A very ugly thing (Vaults:3)
  11 ironheart preservers
  7 deep elf demonologists
  5 deep elf annihilators (Elf:3)
  4 vampire knights
  7 deep elf death magi
  4 merfolk impalers (Shoals:4)
  A minotaur (Lab)
  4 merfolk javelineers (Shoals:4)
  The ghost of anything the Severer, a journeyman HOMo of Uskayaw (IceCv)
  2 fire dragons
  8 ogre magi
  A deep elf high priest (Elf:3)
  2 great orbs of eyes
  6 yaktaur captains
  4 ice dragons (Vaults:2)
  5 jiangshi (Crypt:3)
  5 vault guards
  3 hydras
  5 centaur warriors
  6 anacondas
  10 naga warriors
  2 death knights
  2 merfolk aquamancers
  27 two-headed ogres
  2 death yaks (Lair:6)
  5 satyrs
  3 vampire magi
  5 dancing weapons
  Sonja (D:10)
  2 deep troll shamans
  A soul eater (Vaults:2)
  2 deep troll earth magi
  4 shock serpents
  19 deep elf knights
  4 naga sharpshooters
  A small abomination (Vaults:3)
  2 salamander mystics
  5 shadow wraiths
  7 skeletal warriors
  2 unseen horrors
  2 storm dragon skeletons
  A glowing orange brain (Vaults:4)
  6 naga ritualists
  15 sea snakes
  13 deep trolls
  A tengu zombie (Vaults:3)
  13 deep elf archers
  13 orc knights
  11 ironbrand convokers
  Pikel (D:5)
  3 wizards
  A phantasmal warrior (Vaults:3)
  21 harpies
  A wolf spider zombie (D:14)
  49 deep elf magi
  A shadow dragon zombie (Crypt:3)
  15 ugly things
  2 necromancers
  12 fauns
  5 orc sorcerers
  2 wolf spiders
  17 cyclopes
  3 mana vipers
  10 salamanders
  A shadow dragon skeleton (Vaults:3)
  16 manticores
  A sphinx skeleton (Crypt:3)
  3 guardian serpents
  24 black mambas
  2 ice statues (IceCv)
  Maurice (D:11)
  A black mamba (shapeshifter) (Vaults:3)
  A guardian serpent (shapeshifter) (Vaults:2)
  16 naga magi
  An elephant (shapeshifter) (Vaults:2)
  4 centaur zombies
  2 toenail golems
  9 vault sentinels
  8 water nymphs
  2 dire elephant skeletons
  14 spiny frogs
  8 ice devils (IceCv)
  4 rime drakes
  18 yaktaurs
  A kobold demonologist (D:13)
  A komodo dragon (shapeshifter) (Vaults:3)
  2 komodo dragons
  10 freezing wraiths
  A death yak skeleton (Crypt:1)
  A merfolk (shapeshifter) (Vaults:1)
  A tengu conjurer (D:13)
  10 trolls
  13 merfolk
  A shadow dragon simulacrum (Crypt:3)
  A catoblepas skeleton (Crypt:1)
  A human skeleton (Vaults:3)
  A wind drake (shapeshifter) (Vaults:2)
  8 hippogriffs
  14 blink frogs
  9 dream sheep
  A bog body (Crypt:2)
  6 wind drakes
  An ettin zombie (Crypt:3)
  12 snapping turtles
  A hippogriff (shapeshifter) (Vaults:2)
  A harpy skeleton (D:15)
  3 shadows
  2 spriggans (shapeshifter)
  A dire elephant simulacrum (IceCv)
  A black mamba zombie (Crypt:1)
  A wyvern (Vaults:1)
  2 air elementals
  3 fire elementals
  4 vampires (Crypt:3)
  9 water elementals
  2 wraiths
  13 yaks
  Grum (D:11)
  3 steam dragons (Shoals:3)
  7 hungry ghosts
  Edmund (D:6)
  2 harpy simulacra
  4 vampire mosquitoes (Lair:6)
  4 wargs
  An acid dragon (Vaults:1)
  45 nagas
  2 soldier ants (D:13)
  8 water moccasins
  6 porcupines
  42 orc warriors
  4 sky beasts
  A black bear (Lair:5)
  A black bear (shapeshifter) (Vaults:3)
  An ettin simulacrum (IceCv)
  A manticore zombie (Crypt:3)
  2 necrophages
  2 ice beasts
  6 wolves
  A phantom (D:7)
  5 boggarts (Vaults:1)
  39 ogres
  16 centaurs
  A dream sheep skeleton (Crypt:2)
  5 crocodiles
  3 human zombies
  2 big kobolds (D:8)
  2 earth elementals
  15 bullfrogs
  2 gnoll sergeants
  A wyvern skeleton (D:9)
  A scorpion (D:8)
  2 human simulacra
  9 killer bees
  A polar bear skeleton (Crypt:1)
  2 electric eels
  8 howler monkeys
  8 crimson imps
  A yaktaur simulacrum (Vaults:1)
  4 bullfrog zombies
  3 hounds
  5 jellies
  14 orc priests
  2 bullfrog skeletons
  27 orc wizards
  2 centaur skeletons
  15 merfolk sirens
  10 worker ants
  3 merfolk avatars
  A big kobold skeleton (Crypt:3)
  A hound zombie (D:9)
  A hound skeleton (Crypt:2)
  8 gnolls
  A howler monkey skeleton (D:9)
  A worker ant zombie (D:8)
  18 adders
  A shadow imp (D:11)
  2 adder zombies
  2 leopard geckos
  79 orcs
  5 giant cockroaches
  4 hobgoblins
  3 jackals (D:1)
  5 ball pythons
  4 frilled lizards
  25 rats
  4 crawling corpses
1254 creatures vanquished.

Vanquished Creatures (collateral kills)
  A revenant (Crypt:2)
  A ghoul (Crypt:2)
  2 vampire knights
  2 blizzard demons (IceCv)
  2 deep elf magi (Elf:2)
  An ice statue (IceCv)
  3 ice devils (IceCv)
  An anaconda simulacrum (IceCv)
  A golden dragon simulacrum (IceCv)
  A dire elephant simulacrum (IceCv)
  2 hydra simulacra (IceCv)
  A harpy simulacrum (IceCv)
  An iron troll simulacrum (IceCv)
19 creatures vanquished.

Vanquished Creatures (others)
  A deep elf mage (Elf:3)
  An ironbrand convoker (Vaults:1)
  A cyclops (Vaults:1)
  4 yaktaurs (Vaults:1)
  5 water elementals (Elf:1)
  35 insubstantial wisps (Elf:1)
  2 leopard gecko skeletons (D:5)
  16 fungi
  36 plants
101 creatures vanquished.

Grand Total: 1374 creatures vanquished

Notes
Turn   | Place    | Note
-------+----------+-------------------------------------------
     0 | D:1      | Leszczynek the Troll Skald began the quest for the Orb.
     0 | D:1      | Reached XP level 1. HP: 19/19 MP: 1/1
    98 | D:1      | Reached XP level 2. HP: 27/27 MP: 2/2
   103 | D:1      | Learned a level 2 spell: Shroud of Golubria
   191 | D:2      | Reached skill level 3 in Unarmed Combat
   256 | D:3      | Reached XP level 3. HP: 33/33 MP: 0/3
   390 | D:5      | Entered Level 5 of the Dungeon
   411 | D:5      | Reached skill level 4 in Unarmed Combat
   411 | D:5      | Reached XP level 4. HP: 38/41 MP: 4/4
   476 | D:5      | Noticed Pikel
   476 | D:5      | Noticed a slave
   476 | D:5      | Noticed a slave
   497 | D:5      | Noticed a slave
   537 | D:5      | Killed Pikel
   537 | D:5      | Reached skill level 7 in Unarmed Combat
   537 | D:5      | Reached XP level 5. HP: 18/48 MP: 5/5
   537 | D:5      | Reached XP level 6. HP: 21/55 MP: 6/6
   537 | D:5      | Reached XP level 7. HP: 24/62 MP: 7/7
   692 | D:6      | Reached skill level 8 in Unarmed Combat
   791 | D:6      | Noticed Sigmund
   801 | D:6      | Found a glowing drain.
   811 | D:6      | Reached skill level 2 in Fighting
   836 | Sewer    | Entered a sewer
   905 | Sewer    | oh, it's this one
  1146 | Sewer    | bad loot
  1146 | Sewer    | (it was siren/avatar sewer)
  1167 | D:6      | Noticed Edmund
  1183 | D:6      | Reached skill level 3 in Fighting
  1376 | D:5      | Reached XP level 8. HP: 77/78 MP: 8/8
  1692 | D:7      | Reached skill level 4 in Fighting
  1812 | D:8      | look at all those altars
  1823 | D:7      | Reached skill level 9 in Unarmed Combat
  1846 | D:7      | Reached skill level 2 in Dodging
  1849 | D:7      | Reached skill level 5 in Fighting
  2000 | D:7      | Found a glowing golden altar of the Shining One.
  2010 | D:7      | Became a worshipper of the Shining One
  2075 | D:8      | Reached skill level 3 in Dodging
  2079 | D:8      | Gained mutation: Your body sometimes deteriorates upon taking damage. [mutagenic meat]
  2080 | D:8      | Gained mutation: Armour fits poorly on your strangely shaped body. [mutagenic meat]
  2081 | D:8      | Gained mutation: Your mind is acute. (Int +2) [mutagenic meat]
  2210 | D:9      | Found an ancient bone altar of Kikubaaqudgha.
  2227 | D:9      | Reached skill level 4 in Dodging
  2233 | D:9      | Reached XP level 9. HP: 62/88 MP: 9/9
  2281 | D:10     | Entered Level 10 of the Dungeon
  2285 | D:10     | Found a basalt altar of Yredelemnul.
  2367 | D:11     | Reached skill level 5 in Dodging
  2370 | D:11     | Reached skill level 6 in Fighting
  2402 | D:11     | Noticed Maurice
  2409 | D:11     | Killed Maurice
  2448 | D:11     | Reached skill level 10 in Unarmed Combat
  2462 | D:11     | Learned a level 2 spell: Song of Slaying
  2565 | D:11     | Noticed a cyclops
  2571 | D:11     | Killed a cyclops
  2571 | D:11     | Reached XP level 10. HP: 99/99 MP: 10/10
  2611 | D:12     | Noticed a gargoyle
  2611 | D:12     | Noticed a white ugly thing
  2612 | D:12     | no no no
  2660 | D:11     | Lost mutation: Your body sometimes deteriorates upon taking damage. [potion of mutation]
  2660 | D:11     | Lost mutation: Armour fits poorly on your strangely shaped body. [potion of mutation]
  2660 | D:11     | Gained mutation: Your body sometimes deteriorates upon taking damage. [potion of mutation]
  2660 | D:11     | Gained mutation: Your mind is very acute. (Int +4) [potion of mutation]
  2660 | D:11     | Gained mutation: You have a pair of small horns on your head. [potion of mutation]
  2661 | D:11     | Lost mutation: You have a pair of small horns on your head. [potion of mutation]
  2661 | D:11     | Lost mutation: Your body sometimes deteriorates upon taking damage. [potion of mutation]
  2661 | D:11     | Lost mutation: Your mind is very acute. (Int +4) [potion of mutation]
  2661 | D:11     | Lost mutation: Your mind is acute. (Int +2) [potion of mutation]
  2661 | D:11     | Gained mutation: You are partially covered in yellow scales. (AC +2) [potion of mutation]
  2688 | D:11     | Reached * piety under the Shining One
  2810 | D:10     | Reached skill level 1 in Shields
  2833 | D:11     | Noticed a two-headed ogre
  2841 | D:11     | Killed a two-headed ogre
  2841 | D:11     | Reached skill level 3 in Shields
  2900 | D:11     | Noticed a two-headed ogre
  2910 | D:11     | Killed a two-headed ogre
  2910 | D:11     | Reached skill level 4 in Shields
  3033 | D:11     | Reached skill level 5 in Shields
  3056 | D:11     | Noticed Grum
  3071 | D:11     | Killed Grum
  3075 | D:11     | Found a shadowy altar of Dithmenos.
  3202 | D:9      | Reached skill level 6 in Shields
  3253 | D:9      | Reached ** piety under the Shining One
  3433 | D:9      | Found a staircase to the Orcish Mines.
  3533 | D:10     | Noticed Sonja
  3542 | D:10     | Killed Sonja
  3542 | D:10     | Reached skill level 7 in Fighting
  3542 | D:10     | Reached skill level 7 in Shields
  3542 | D:10     | Reached XP level 11. HP: 108/108 MP: 11/11
  3577 | D:10     | Gained mutation: You are somewhat resistant to further mutation. [mutagenic meat]
  3578 | D:10     | Gained mutation: Your magical capacity is low. (-10% MP) [mutagenic meat]
  3579 | D:10     | Gained mutation: You are clumsy. (Dex -2) [mutagenic meat]
  3580 | D:10     | Gained mutation: You tend to lose your temper in combat. [mutagenic meat]
  3581 | D:10     | Gained mutation: You have supernaturally acute eyesight. (SInv) [mutagenic meat]
  3600 | D:11     | *rage mut
  3600 | D:11     | gg no re
  3603 | D:11     | might as well restart
  3656 | D:12     | Noticed a skeletal warrior
  3656 | D:12     | Noticed a skeletal warrior
  3656 | D:12     | Noticed a skeletal warrior
  3683 | D:12     | Killed a skeletal warrior
  3683 | D:12     | Reached skill level 1 in Invocations
  3688 | D:12     | Killed a skeletal warrior
  3688 | D:12     | Reached skill level 11 in Unarmed Combat
  3688 | D:12     | Reached skill level 2 in Invocations
  3777 | D:13     | HP: 20/108 [skeletal warrior/glaive (26)]
  3778 | D:13     | Killed a skeletal warrior
  3831 | D:13     | Reached skill level 3 in Invocations
  3911 | D:14     | Noticed a deep elf mage
  3914 | D:14     | Noticed a deep elf mage
  3916 | D:14     | Killed a deep elf mage
  3933 | D:14     | Noticed a death knight
  3933 | D:14     | Killed a deep elf mage
  3959 | D:14     | Killed a death knight
  3959 | D:14     | Reached skill level 4 in Invocations
  3969 | D:14     | Identified the Incunabulum of Combed Thunderclap
  3985 | D:14     | Noticed a wizard
  3988 | D:14     | Noticed an unseen horror
  4024 | D:14     | Identified Wehiseoju's Incunabulum of Axaxaxas mlö
  4032 | D:14     | Identified Ikovent's Papyrus of Dhcmrlchtdj
  4110 | D:14     | Learned a level 4 spell: Petrify
  4165 | D:14     | Noticed an orc knight
  4198 | D:14     | Killed an orc knight
  4198 | D:14     | Reached skill level 8 in Shields
  4198 | D:14     | Reached skill level 5 in Invocations
  4228 | D:14     | Found Hyexisen's Assorted Antiques.
  4229 | D:14     | Found a labyrinth entrance.
  4237 | Lab      | Entered a labyrinth
  4365 | Lab      | Noticed a minotaur
  4376 | Lab      | Killed a minotaur
  4429 | Lab      | Got a transparent gossamer ring
  4430 | Lab      | Identified the ring of Xeunebru {MR+ Int+2} (You found it in a labyrinth)
  4449 | Lab      | Identified the Incunabulum of Necromancy and Earth
  4475 | D:14     | Found Hydalece's Weapon Shop.
  4494 | D:14     | Bought a black potion for 18 gold pieces
  4494 | D:14     | Bought a scroll of teleportation for 63 gold pieces
  4494 | D:14     | Bought a scroll of teleportation for 63 gold pieces
  4557 | D:14     | Reached *** piety under the Shining One
  4578 | D:14     | Reached XP level 12. HP: 117/117 MP: 13/13
  4627 | D:14     | Noticed a centaur warrior
  4639 | D:14     | Killed a centaur warrior
  4639 | D:14     | Reached skill level 1 in Evocations
  4671 | D:15     | Entered Level 15 of the Dungeon
  4858 | D:15     | wtf
  4900 | D:15     | Noticed a tengu warrior
  4921 | D:15     | Reached skill level 2 in Evocations
  5055 | D:15     | Noticed a fire dragon
  5101 | D:15     | Killed a fire dragon
  5101 | D:15     | Reached skill level 12 in Unarmed Combat
  5191 | D:13     | Noticed a two-headed ogre
  5199 | D:13     | Killed a two-headed ogre
  5199 | D:13     | Reached skill level 3 in Evocations
  5203 | D:13     | Reached skill level 1 in Earth Magic
  5298 | D:12     | Noticed a fire dragon
  5309 | D:12     | Killed a fire dragon
  5309 | D:12     | Reached skill level 1 in Transmutations
  5374 | D:13     | Found a portal to a secret trove of treasure.
  5400 | D:13     | trove: +5 dtrident
  5432 | D:12     | Reached skill level 2 in Earth Magic
  5456 | D:12     | Reached skill level 9 in Shields
  5456 | D:12     | Reached skill level 4 in Evocations
  5689 | Orc:1    | Entered Level 1 of the Orcish Mines
  5746 | Orc:1    | Reached skill level 2 in Transmutations
  5910 | Orc:1    | Found a roughly hewn altar of Beogh.
  5946 | Orc:2    | Entered Level 2 of the Orcish Mines
  5984 | Orc:2    | Reached skill level 3 in Earth Magic
  6315 | Orc:2    | Reached skill level 3 in Transmutations
  6391 | Orc:1    | Reached skill level 4 in Earth Magic
  6414 | Orc:2    | Noticed a two-headed ogre
  6414 | Orc:2    | Reached **** piety under the Shining One
  6414 | Orc:2    | Noticed a two-headed ogre
  6415 | Orc:2    | Noticed a two-headed ogre
  6465 | Orc:2    | Killed a two-headed ogre
  6469 | Orc:2    | Killed a two-headed ogre
  6473 | Orc:2    | Killed a two-headed ogre
  6479 | Orc:2    | Reached skill level 4 in Transmutations
  6481 | Orc:2    | Reached XP level 13. HP: 79/123 MP: 14/14
  6565 | Orc:2    | Reached skill level 5 in Earth Magic
  6621 | Orc:2    | Found Ytoak's Weapon Shoppe.
  6622 | Orc:2    | Found Coehav's Jewellery Shoppe.
  6647 | Orc:2    | Found Wyfeela's Food Boutique.
  6654 | Orc:2    | Bought an uncursed amulet of regeneration for 330 gold pieces
  6654 | Orc:2    | Bought a +2 ring of protection for 110 gold pieces
  6743 | Orc:2    | Reached skill level 5 in Transmutations
  6743 | Orc:2    | Reached skill level 6 in Earth Magic
  6909 | Orc:2    | Found Luoph's Distillery.
  6917 | Orc:2    | Bought a potion of mutation for 120 gold pieces
  6917 | Orc:2    | Lost mutation: You are somewhat resistant to further mutation. [potion of mutation]
  6917 | Orc:2    | Lost mutation: You have supernaturally acute eyesight. (SInv) [potion of mutation]
  6917 | Orc:2    | Lost mutation: You are partially covered in yellow scales. (AC +2) [potion of mutation]
  6917 | Orc:2    | Gained mutation: You are partially covered in iridescent scales. (AC +2) [potion of mutation]
  6917 | Orc:2    | Gained mutation: You are somewhat resistant to further mutation. [potion of mutation]
  6918 | Orc:2    | ok
  6918 | Orc:2    | so i lost only good muts
  6918 | Orc:2    | nice
  6918 | Orc:2    | wasn't this supposed to clear at least one badmut?
  6918 | Orc:2    | talk about fucking useless garbage items
  6957 | Orc:2    | Found a staircase to the Elven Halls.
  6996 | Orc:1    | Reached skill level 7 in Earth Magic
  7178 | Orc:2    | Reached skill level 6 in Transmutations
  7315 | D:8      | Lost mutation: You are partially covered in iridescent scales. (AC +2) [potion of mutation]
  7315 | D:8      | Lost mutation: You tend to lose your temper in combat. [potion of mutation]
  7316 | D:8      | finally
  7714 | D:8      | Found an opulent altar of Gozag.
  8132 | D:10     | Found a staircase to the Lair.
  8148 | Lair:1   | Entered Level 1 of the Lair of Beasts
  8165 | Lair:1   | Reached skill level 8 in Earth Magic
  8528 | Lair:2   | Found a dark tunnel.
  8535 | Volcano  | Entered a volcano
  8558 | Volcano  | Ouch! That really hurt!
  8559 | Volcano  | ex
  8559 | Volcano  | dee
  8618 | Lair:3   | Reached skill level 7 in Transmutations
  8635 | Lair:3   | Found a staircase to the Shoals.
  9026 | Lair:4   | Reached XP level 14. HP: 132/132 MP: 15/15
  9042 | Lair:4   | Found a staircase to the Snake Pit.
  9092 | Lair:5   | Noticed Rupert
  9247 | Lair:5   | Reached skill level 9 in Earth Magic
  9396 | Lair:6   | Entered Level 6 of the Lair of Beasts
  9518 | Lair:6   | frog pond
  9518 | Lair:6   | nope
  9518 | Lair:6   | waste of time
  9690 | Lair:6   | Reached skill level 8 in Transmutations
  9792 | Lair:6   | Reached ***** piety under the Shining One
  9858 | Lair:6   | Reached skill level 10 in Earth Magic
 10012 | Lair:4   | well, wherever i go, it'll be bad
 10012 | Lair:4   | so let's kill myself in elf
 10208 | Elf:1    | Entered Level 1 of the Elven Halls
 10325 | Elf:1    | Identified a scroll of acquirement
 10514 | Elf:1    | Noticed a deep elf sorcerer
 10517 | Elf:2    | oh boy
 10564 | Elf:1    | Killed a deep elf sorcerer
 10564 | Elf:1    | Reached skill level 9 in Transmutations
 10593 | Elf:2    | ehhh
 10829 | Elf:3    | Entered Level 3 of the Elven Halls
 10843 | Elf:3    | Reached skill level 11 in Earth Magic
 10867 | Elf:2    | Noticed Jorgrun
 10868 | Elf:2    | oh
 10868 | Elf:2    | boy
 10902 | Elf:3    | Noticed a deep elf sorcerer
 10925 | Elf:3    | ok, no
 10925 | Elf:3    | let's do something else instead
 11363 | Shoals:1 | Entered Level 1 of the Shoals
 11549 | Shoals:1 | Reached XP level 15. HP: 102/139 MP: 16/16
 11774 | Shoals:2 | really
 11774 | Shoals:2 | one turtle
 11774 | Shoals:2 | okay
 11885 | Snake:1  | Entered Level 1 of the Snake Pit
 11888 | Snake:1  | surely this will go better
 11888 | Snake:1  | har har
 12169 | Snake:1  | Reached skill level 10 in Transmutations
 12633 | Snake:2  | Noticed a nagaraja
 12690 | Snake:2  | Found a burning altar of Makhleb.
 12748 | Snake:2  | Killed a nagaraja
 12748 | Snake:2  | Reached skill level 12 in Earth Magic
 13183 | Snake:2  | Learned a level 5 spell: Aura of Abjuration
 13409 | Snake:2  | HP: 42/210 [poisoned by a black mamba]
 13614 | Snake:2  | Reached skill level 10 in Shields
 14037 | Snake:3  | HP: 28/140 [naga mage/poison arrow (10)]
 14042 | Snake:3  | HP: 25/210 [anaconda (4)]
 14048 | Snake:3  | HP: 20/210 [poisoned by a naga mage (poison arrow)]
 14053 | Snake:3  | HP: 19/140 [poisoned by a naga mage (poison arrow)]
 14060 | Snake:3  | HP: 23/140 [poisoned by a naga mage (poison arrow)]
 14066 | Snake:3  | HP: 27/140 [poisoned by a naga mage (poison arrow)]
 14116 | Snake:4  | Entered Level 4 of the Snake Pit
 14138 | Snake:4  | Reached skill level 13 in Unarmed Combat
 14141 | Snake:4  | Noticed a nagaraja
 14161 | Snake:4  | Killed a nagaraja
 14263 | Snake:4  | Found Veuggaug's Jewellery Shop.
 14263 | Snake:4  | Found Zivarch's Gadget Emporium.
 14264 | Snake:4  | Found Ahiet's Jewellery Shop.
 14265 | Snake:4  | oh
 14275 | Snake:4  | ok then, +6 EV or str+3 slay+4
 14275 | Snake:4  | or wiz
 14278 | Snake:4  | Bought a +6 ring of evasion for 1092 gold pieces
 14286 | Snake:4  | Noticed a nagaraja
 14304 | Snake:4  | Killed a nagaraja
 14439 | Snake:4  | Reached skill level 2 in Spellcasting
 14533 | Snake:4  | Noticed a nagaraja
 14557 | Snake:4  | Killed a nagaraja
 14557 | Snake:4  | Reached XP level 16. HP: 108/150 MP: 17/17
 14792 | Snake:4  | Reached skill level 8 in Fighting
 14792 | Snake:4  | Reached skill level 11 in Shields
 14799 | Snake:4  | HP: 26/152 [naga sharpshooter/arrow (19)]
 14805 | Snake:4  | HP: 21/152 [naga mage/club (11)]
 14808 | Snake:4  | Reached skill level 3 in Spellcasting
 14845 | Snake:4  | HP: 30/152 [anaconda (4)]
 14856 | Snake:4  | HP: 15/152 [naga sharpshooter/bolt (22)]
 15018 | Snake:4  | where does all this shit come from
 15326 | Snake:4  | Reached skill level 4 in Spellcasting
 15348 | Snake:4  | Got a serpentine rune of Zot
 15349 | Snake:4  | great speedrun
 15357 | Snake:4  | time for another 4-6k in shoals
 15729 | Shoals:1 | Identified the Papyrus of the Cloudy Compass
 15736 | Shoals:1 | Learned a level 4 spell: Passage of Golubria
 15923 | Shoals:2 | Reached skill level 9 in Fighting
 15929 | Shoals:2 | HP: 29/156 [faun/stone[a satyr] (8)]
 15930 | Shoals:2 | HP: 6/156 [faun/quarterstaff[a satyr] (24)]
 16213 | Shoals:2 | Noticed Louise
 16246 | Shoals:2 | Killed Louise
 16787 | Shoals:2 | i even found a fucking book of the warp
 16787 | Shoals:2 | but no statue
 16846 | Shoals:2 | Reached skill level 12 in Shields
 16908 | Shoals:3 | Reached skill level 5 in Spellcasting
 17111 | Shoals:3 | Reached XP level 17. HP: 116/163 MP: 18/21
 17434 | Shoals:4 | Entered Level 4 of the Shoals
 17434 | Shoals:4 | Found a frozen archway.
 17457 | IceCv    | Entered an ice cave
 17467 | IceCv    | Noticed anything's ghost (journeyman HOMo)
 17496 | IceCv    | Killed anything's ghost
 17619 | IceCv    | at least i got 3 tps out of this
 17745 | IceCv    | Reached ****** piety under the Shining One
 17969 | Shoals:4 | Reached skill level 6 in Invocations
 18175 | Shoals:4 | Reached skill level 13 in Earth Magic
 18531 | Shoals:4 | Reached skill level 7 in Invocations
 18554 | Shoals:4 | Got a barnacled rune of Zot
 18946 | D:10     | Reached skill level 5 in Evocations
 19027 | Elf:1    | elf part deux
 19301 | Elf:2    | Found Cuqedgh's Magic Scroll Shop.
 19307 | Elf:2    | Bought a scroll of fog for 34 gold pieces
 19362 | Elf:2    | Reached skill level 13 in Shields
 19393 | Elf:2    | Killed Jorgrun
 19759 | Elf:3    | HP: 30/163 [glaive of flaming (11)]
 19766 | Elf:3    | Reached skill level 8 in Invocations
 19852 | Elf:3    | ok, got wiz staff
 19852 | Elf:3    | now just give me the fucking spell already
 19968 | Elf:3    | Reached skill level 6 in Dodging
 20076 | Elf:3    | Noticed a deep elf master archer
 20086 | Elf:3    | Noticed a deep elf blademaster
 20093 | Elf:3    | Killed a deep elf master archer
 20093 | Elf:3    | Reached XP level 18. HP: 159/171 MP: 12/22
 20129 | Elf:3    | Reached skill level 9 in Invocations
 20439 | Elf:3    | Reached skill level 14 in Unarmed Combat
 20451 | Elf:3    | Reached skill level 10 in Invocations
 20511 | Elf:3    | Identified the Compendium of Evil Magic and Enchantment
 20518 | Elf:3    | Learned a level 5 spell: Lee's Rapid Deconstruction
 20524 | Elf:3    | Got a warped large shield
 20534 | Elf:3    | Learned a level 1 spell: Summon Butterflies
 20548 | Elf:3    | Identified the +4 large shield "Ydwoan" {rN+} (You found it on level 3 of the Elven Halls)
 20548 | Elf:3    | hm
 20548 | Elf:3    | no
 20563 | Elf:3    | >storm dragon scales
 20563 | Elf:3    | maybe i should take it
 20666 | Elf:3    | Identified the Volume of Sinister Changing
 20668 | Elf:3    | i swear this game has all transmutation spells except the one i need
 20668 | Elf:3    | ok, there's no dragon form either
 20668 | Elf:3    | MY BAD
 20895 | Elf:3    | how about some limit to summons, hm?
 21466 | D:6      | Killed Edmund
 21771 | D:13     | Reached skill level 1 in Armour
 21893 | D:13     | Reached skill level 2 in Armour
 21900 | D:13     | Found a gate to the Vaults.
 21905 | Vaults:1 | Entered Level 1 of the Vaults
 21905 | Vaults:1 | Found Duv Ytui's Jewellery Boutique.
 22073 | Vaults:1 | Reached skill level 11 in Invocations
 22083 | Vaults:1 | Reached skill level 3 in Armour
 22159 | Vaults:1 | Found Miewost's Gadget Emporium.
 22293 | Vaults:1 | Found Fasmaa's Gadget Emporium.
 22451 | Vaults:1 | Noticed Nikola
 22498 | Vaults:1 | Killed Nikola
 22498 | Vaults:1 | Reached skill level 4 in Armour
 22655 | Vaults:1 | Reached XP level 19. HP: 179/179 MP: 23/23
 22687 | Vaults:1 | Reached skill level 5 in Armour
 23085 | Vaults:2 | Reached skill level 6 in Armour
 23094 | Vaults:2 | Noticed Sojobo
 23184 | Vaults:1 | Reached skill level 15 in Unarmed Combat
 23216 | Vaults:1 | Found Guify's Assorted Antiques.
 23225 | Vaults:1 | Bought a scroll of blinking for 165 gold pieces
 23225 | Vaults:1 | Bought a potion of curing for 66 gold pieces
 24127 | Vaults:2 | Reached skill level 7 in Dodging
 24217 | Vaults:2 | Reached skill level 12 in Invocations
 24990 | Vaults:4 | Reached skill level 10 in Fighting
 25300 | Vaults:2 | Reached skill level 14 in Shields
 25309 | Vaults:2 | Reached XP level 20. HP: 152/191 MP: 19/25
 25430 | Vaults:3 | Noticed Donald
 25438 | Vaults:3 | Killed Donald
 25526 | Vaults:3 | HP: 33/192 [frost giant/bolt of cold (12)]
 26261 | Vaults:2 | Found a staircase to the Crypt.
 26299 | Crypt:1  | Entered Level 1 of the Crypt
 26374 | Crypt:1  | Identified the Catalogue of Doomed Talismans
 26490 | Crypt:3  | Entered Level 3 of the Crypt
 26548 | Crypt:3  | Reached skill level 15 in Shields
 26572 | Crypt:3  | Reached skill level 11 in Fighting
 26592 | Crypt:3  | Reached skill level 16 in Unarmed Combat
 26663 | Crypt:3  | HP: 39/195 [???[a lich] (23)]
 26664 | Crypt:3  | Killed from afar by a lich

Vault maps used:
D:1:      erik_arrival_cave_to_civilisation, minmay_domino_4
D:2:      gammafunk_temple_overflow_claw
D:3:      wad_rectangle_vault
D:4:      minmay_temple_entry_statues, tgw_sif
D:5:      first_bread, uniq_pikel
D:6:      gup_sewer_entry_glass, due_unseen_surprise, uniq_edmund, uniq_sigmund
D:7:      basic_altar
D:8:      hangedman_ranch, grunt_gozag_breadcrumbs
D:9:      lemuel_doored_altar, orc_david_3
D:10:     david_lair_shrubbed, basic_altar, uniq_sonja
D:11:     grunt_dithmenos_smoke, uniq_grum, uniq_maurice
D:12:     basic_altar
D:13:     grunt_vaults_entry_fortified, nicolae_trove_entry_free_sample
D:14:     serial_shops, nicolae_shop_overgrown_old_shop, shop,
          lab_entry_generic, minivault_23, minivault_20,
          bh_hangedman_babel_library
D:15:     grunt_enter_depths_hoard, patterned_corridor, serial_shops,
          nicolae_shop_trees, minmay_pinched_square, uniq_josephine,
          uniq_roxanne
Lair:1:   serial_bayou_shore_b
Lair:2:   nicolae_volcano_entry_two_sided
Lair:3:   minmay_shoals_entry_beasts, grunt_megastairs_5
Lair:4:   minmay_snake_entry_guardpost_large, serial_bayou_shore_b
Lair:5:   slime_altar_1, grunt_megastairs_4, uniq_rupert
Lair:6:   minmay_lair_end_frog_pond, lemuel_fruit_tree
Shoals:1: nicolae_shoals_so_close
Shoals:2: hangedman_shoals_cup_caves, uniq_louise
Shoals:3: nicolae_shoals_drake_roost
Shoals:4: shoals_end_grunt_ice, shoals_ilsuiw_alternative,
          portal_ice_cave_entry_pillars_four
Snake:2:  basic_altar, grunt_ministairs_3, guppyfry_snake_island,
          grunt_megastairs_3
Snake:3:  st_stairs_13, spider_trap
Snake:4:  minmay_snake_end_coiled, minmay_shop_grove, serial_bayou_shore_b
Orc:1:    lemuel_statue_altar
Orc:2:    st_orc_open, nicolae_orc_pool_cavern
Elf:1:    serial_aquarium, aquarium_bridge_island_small,
          aquarium_bridge_long_separate, aquarium_window_1,
          aquarium_window_corner, aquarium_view_2d, aquarium_view_2e,
          aquarium_pool_side, minmay_misc_feat_rows, nicolae_elf_w_pinch
Elf:2:    serial_shops, shop_statue, uniq_jorgrun
Elf:3:    grunt_elf_hall_diamonds
Vaults:1: v_misc_30, nicolae_vaults_network_barrier, dpeg_vaults_monster_box,
          dpeg_vaults_monster_row, vaults_dpeg_hooks, vaults_mumra_hex,
          ontoclasm_vaults_idyll, nicolae_vaults_circle_grid_a,
          ontoclasm_vaults_twist, vaults_dpeg_ring, serial_shops, shop,
          shop_fountains, shop, nicolae_shop_statue_plus, nicolae_shop_crystal,
          uniq_nikola
Vaults:2: nicolae_vaults_yaktaur_gun_rack, vaults_standard_mumra_lines,
          hangedman_vaults_snaps, nicolae_vaults_network_quinsquares,
          nicolae_vaults_alarming, vaults_room_boxed,
          minmay_crypt_entry_simple_statues, vaults_mumra_bighexcomb, v_misc_15,
          ontoclasm_vaults_ligature, v_misc_8, vaults_dpeg_diagonal,
          vaults_room_hallway, serial_shops, shop, uniq_sojobo
Vaults:3: nicolae_vaults_mini_display_case, hangedman_vaults_capsules,
          hangedman_vaults_corner_blocks, hangedman_vaults_corner, v_pattern_2,
          grunt_vaults_trifunnel, nicolae_vaults_little_squares_1,
          nicolae_vaults_ring_of_whatevers, ontoclasm_vaults_eye, uniq_donald
Vaults:4: nicolae_vaults_minivaults, vaults_mumra_minichess, v_misc_30,
          hangedman_vaults_pinch, v_alt_pattern_4, v_misc_8, vaults_room_corners
Crypt:1:  serial_sigils_hangedman_confine
Crypt:2:  grunt_megastairs_2
Crypt:3:  lightli_unholy_cathedral, uniq_margery
Lab:      nicolae_lab_dead_adventurers, nicolae_lab_starburst,
          nicolae_lab_blocks, nicolae_lab_dead_end, nicolae_lab_grate_2,
          nicolae_lab_big_swirl, labyrinth_skeletal_remains, nicolae_lab_lava,
          nicolae_lab_plus, nicolae_lab_t_cross, nicolae_lab_x
Sewer:    sewer_sea
IceCv:    ice_cave_tombish
Volcano:  volcano_bunker

Skill      XL: |  1  2  3  4  5  6  7  8  9 10 11 12 13 14 15 16 17 18 19 20 |
---------------+-------------------------------------------------------------+-----
Unarmed Combat | 3 4 7 8 9 10 11 12 13 14 15 16 | 16.0
Fighting       | 3 5 6 7 9 10 11 | 11.0
Dodging        | 4 5 6 7 |  7.3
Shields        | 7 8 9 10 12 13 14 15 | 15.1
Invocations    | 5 8 11 12 | 12.6
Evocations     | 4 5 |  5.0
Earth Magic    | 4 8 11 12 13 | 13.0
Transmutations | 4 7 9 10 | 10.0
Spellcasting   | 2 5 |  5.5
Armour         | 4 6 |  6.2
Charms         | |  2.0

Action                   |  1- 3 |  4- 6 |  7- 9 | 10-12 | 13-15 | 16-18 | 19-21 || total
-------------------------+-------+-------+-------+-------+-------+-------+-------++-------
Melee: Unarmed           |    55 |    25 |   269 |   618 |  1433 |  1974 |  1179 ||  5553
       Punch             |       |       |    14 |     1 |       |       |       ||    15
       Short sword       |       |       |       |       |    41 |       |       ||    41
Throw: Tomahawk          |       |       |       |     4 |       |       |       ||     4
       Large rock        |       |       |       |       |     9 |    18 |     7 ||    34
 Cast: Shroud of Golubri |     1 |       |     3 |     2 |       |     1 |       ||     7
Invok: Divine Shield     |       |       |       |     6 |    15 |    30 |    15 ||    66
       Summon Divine War |       |       |       |       |       |     3 |     2 ||     5
       Cleansing Flame   |       |       |       |       |       |     8 |    27 ||    35
 Abil: Evoke Berserk Rag |       |       |     1 |     6 |       |       |       ||     7
Evoke: Wand              |       |       |     4 |     4 |    11 |     7 |    11 ||    37
       Lamp of fire      |       |       |       |       |       |     3 |     3 ||     6
       Lightning rod     |       |       |       |       |       |     4 |     7 ||    11
  Use: Scroll            |       |       |     6 |    17 |    16 |    14 |     4 ||    57
       Potion            |       |       |     2 |     2 |    10 |    11 |       ||    25
 Stab: Sleeping          |     1 |       |     1 |       |       |       |       ||     2
       Distracted        |     1 |       |       |       |       |       |       ||     1
  Eat: Chunk             |     8 |       |    24 |    62 |    61 |    92 |    36 ||   283
       Fruit             |       |       |       |       |     5 |       |       ||     5
       Royal jelly       |       |       |       |       |     4 |     2 |       ||     6
Armor: Robe              |    14 |     3 |    55 |    79 |       |       |       ||   151
       Skin              |       |       |     9 |       |     3 |       |       ||    12
       Troll leather arm |       |       |       |    10 |   216 |   114 |       ||   340
       Storm dragon scal |       |       |       |       |       |    43 |   235 ||   278
Dodge: Dodged            |    22 |     6 |   109 |   177 |   325 |   428 |   283 ||  1350
Block: Shield            |       |       |       |   250 |    13 |       |       ||   263
       Large shield      |       |       |       |    31 |  1153 |  1489 |  1100 ||  3773

Table legend:
 A = Spawn XP
 B = Non-spawn XP
 C = Spawn XP percentage of total XP
 D = Spawn monster count
 E = Non-spawn monster count
 F = Spawn count percentage of total count
 G = Total turns spent on level
                    A         B        C        D         E        F      G
               +---------+---------+-------+---------+---------+-------+---------
         Total |   38052 |  529971 |   6.7 |      94 |    1176 |   7.4 | 26664
               +---------+---------+-------+---------+---------+-------+---------
           D:1 |       1 |      16 |   5.9 |       1 |       9 |  10.0 |   184
           D:2 |       0 |      15 |   0.0 |       0 |       2 |   0.0 |    54
           D:3 |       0 |      27 |   0.0 |       0 |       7 |   0.0 |   133
           D:5 |       0 |     892 |   0.0 |       0 |      11 |   0.0 |   373
           D:6 |       0 |     568 |   0.0 |       0 |      19 |   0.0 |   682
           D:7 |     175 |     610 |  22.3 |       4 |      14 |  22.2 |   500
           D:8 |    1082 |    2649 |  29.0 |       3 |      28 |   9.7 |   693
           D:9 |     473 |    2557 |  15.6 |       9 |      31 |  22.5 |   661
          D:10 |     176 |    2734 |   6.0 |       2 |      27 |   6.9 |   751
          D:11 |     965 |    5398 |  15.2 |       3 |      42 |   6.7 |   896
          D:12 |       0 |    4406 |   0.0 |       0 |      10 |   0.0 |   354
          D:13 |       0 |   10340 |   0.0 |       0 |      25 |   0.0 |   589
          D:14 |     911 |    5483 |  14.2 |       1 |      20 |   4.8 |   567
          D:15 |       0 |    2721 |   0.0 |       0 |       6 |   0.0 |   441
        Lair:1 |       0 |    1348 |   0.0 |       0 |       2 |   0.0 |   203
        Lair:2 |       0 |    2337 |   0.0 |       0 |       7 |   0.0 |   343
        Lair:3 |     109 |    3101 |   3.4 |       1 |      13 |   7.1 |   456
        Lair:4 |     290 |    1692 |  14.6 |       2 |       9 |  18.2 |   380
        Lair:5 |       0 |    3575 |   0.0 |       0 |      17 |   0.0 |   306
        Lair:6 |       0 |   12380 |   0.0 |       0 |      43 |   0.0 |   505
      Shoals:1 |     503 |    9298 |   5.1 |       2 |      21 |   8.7 |   749
      Shoals:2 |     256 |   19537 |   1.3 |       1 |      36 |   2.7 |  1013
      Shoals:3 |    2534 |   15403 |  14.1 |       6 |      35 |  14.6 |   727
      Shoals:4 |       0 |   28326 |   0.0 |       0 |      46 |   0.0 |   824
       Snake:1 |       0 |    9379 |   0.0 |       0 |      17 |   0.0 |   860
       Snake:2 |    1308 |   16797 |   7.2 |       2 |      32 |   5.9 |  1245
       Snake:3 |       0 |    8747 |   0.0 |       0 |      15 |   0.0 |   282
       Snake:4 |     463 |   43631 |   1.1 |       1 |      72 |   1.4 |  1306
         Orc:1 |     296 |    2586 |  10.3 |       8 |      28 |  22.2 |   596
         Orc:2 |     349 |   17505 |   2.0 |       5 |      61 |   7.6 |  1111
         Elf:1 |    3153 |    7497 |  29.6 |       5 |      11 |  31.2 |   570
         Elf:2 |     263 |   16258 |   1.6 |       1 |      26 |   3.7 |   643
         Elf:3 |    2429 |   60748 |   3.8 |       3 |      62 |   4.6 |  1948
      Vaults:1 |   13218 |   30254 |  30.4 |      18 |      55 |  24.7 |  1120
      Vaults:2 |     979 |   52184 |   1.8 |       2 |      82 |   2.4 |  1448
      Vaults:3 |    7899 |   28918 |  21.5 |      13 |      45 |  22.4 |  1197
      Vaults:4 |     220 |   36741 |   0.6 |       1 |      58 |   1.7 |   629
       Crypt:1 |       0 |    7101 |   0.0 |       0 |      12 |   0.0 |    96
       Crypt:2 |       0 |   10562 |   0.0 |       0 |      15 |   0.0 |    95
       Crypt:3 |       0 |   34411 |   0.0 |       0 |      35 |   0.0 |   174
           Lab |       0 |    1849 |   0.0 |       0 |       5 |   0.0 |   224
         Sewer |       0 |     155 |   0.0 |       0 |      37 |   0.0 |   314
         IceCv |       0 |    8779 |   0.0 |       0 |      27 |   0.0 |   376
       Volcano |       0 |     456 |   0.0 |       0 |       1 |   0.0 |    27
               +---------+---------+-------+---------+---------+-------+---------
